 Dungeon Crawl Stone Soup version 0.32-a0-986-ga09f62fbf4 (webtiles) character file.

Game seed: 18355635620706680150

5064 dialectric the Changeling (level 10, -8/100 HPs)
             Began as a Troll Shapeshifter on Apr 21, 2024.
             Mangled by Amaemon
             ... wielding a +1 demon whip of venom
              (9 damage)
             ... on level 8 of the Dungeon on Apr 22, 2024.
             The game lasted 00:13:45 (6138 turns).

dialectric the Changeling (Troll Shapeshifter)      Turns: 6138, Time: 00:13:46

Health: -8/100     AC:  6    Str: 27 (28) XL:     10   Next: 31%
Magic:  12/12      EV: 14    Int:  6      God:
Gold:   458        SH:  5    Dex:  7 (9)  Spells: 11/13 levels left

rFire   + . .        F - +0 giant spiked club
rCold   + + .        (shield currently unavailable)
rNeg    . . .        x - +2 robe {rC+ rF+}
rPois   +            (helmet currently unavailable)
rElec   .            (cloak currently unavailable)
rCorr   .            (gloves unavailable)
SInv    .            (boots unavailable)
Will    .....        z - amulet of reflection
Stlth   +            u - ring "Ycuxes" {^Drain rPois EV+5 Slay+3}
HPRegen 1.16/turn    A - ring of protection from cold
MPRegen 0.13/turn

%: reflection
@: lethally poisoned (-8 -> -17), beast-form, slowed, very slow
A: beast (slay +4), large, unfitting armour, claws 3, regeneration 1, shaggy fur
1, tough skin 1, horns 2, deterioration 1, subdued magic 1
a: Begin Untransformation


You were on level 8 of the Dungeon.
You were a hulking beast.
You visited 1 branch of the dungeon, and saw 8 of its levels.
You also visited: Bailey.

You collected 458 gold pieces.

Inventory:

Hand Weapons
 f - a +4 trident of draining
 k - a +1 dagger of electrocution
 p - a +3 quarterstaff of chaos
 v - a +1 dire flail
 F - a +0 giant spiked club (weapon)
Missiles
 e - 2 atropa-tipped darts
 o - 5 javelins
 I - 9 curare-tipped darts (quivered)
 L - 4 datura-tipped darts
Armour
 q - a +2 cloak of stealth
 x - a +2 robe of resistance (worn)
 G - a +1 hat
Jewellery
 a - a ring of positive energy
 h - a ring of willpower
 u - the ring "Ycuxes" (left claw) {^Drain rPois EV+5 Slay+3}
   (You found it on level 4 of the Dungeon)

   [ring of evasion]

   EV+5:      It affects your evasion (+5).
   Slay+3:    It affects your accuracy & damage with ranged weapons and melee
   (+3).
   rPois:     It protects you from poison.
   ^Drain:    It drains your maximum health when unequipped.
 z - an amulet of reflection (around neck)
 A - a ring of protection from cold (right claw)
 H - the ring "Mauq" {rPois rC+ Int+5 SInv}
   (You found it in a bailey)

   [ring of see invisible]

   Int+5:     It affects your intelligence (+5).
   rC+:       It protects you from cold.
   rPois:     It protects you from poison.
   SInv:      It lets you see invisible.
Talismans
 c - a beast talisman (active)
 d - a flux talisman
Wands
 w - a wand of roots (10)
 y - a wand of flame (44)
Scrolls
 g - 2 scrolls of revelation {unknown}
 l - a scroll of enchant armour {unknown}
 r - 2 scrolls of brand weapon
 s - a scroll of teleportation {unknown}
 t - a scroll of blinking {unknown}
 B - a scroll of torment {unknown}
 C - a scroll of immolation {unknown}
 E - a scroll of identify
 K - a scroll of fog {unknown}
Potions
 b - 2 potions of lignification
 i - a potion of mutation
 j - a potion of curing
 m - 2 potions of resistance
 n - 2 potions of ambrosia
 D - a potion of invisibility
 J - a potion of magic


   Skills:
 + Level 6.6 Fighting
 * Level 2.5 Maces & Flails
 - Level 2.1 Armour
 + Level 5.2 Dodging
 + Level 5.8 Unarmed Combat
 + Level 2.1 Spellcasting
 + Level 2.3 Hexes
 + Level 2.6 Ice Magic
 + Level 7.0 Shapeshifting


You had 11 spell levels left.
You knew the following spells:

 Your Spells              Type           Power      Damage    Failure   Level
a - Ensorcelled Hibernat  Hex/Ice        4%         N/A       19%         2

Your spell library contained the following spells:

 Spells                   Type           Power      Damage    Failure   Level
 Foxfire                  Conj/Fire      0%         2x1d4     34%         1
 Frozen Ramparts          Ice            4%         1d1       34%         3
 Ozocubu's Armour         Ice            2%         N/A       34%         3
 Fugue of the Fallen      Necr           0%         N/A       73%         3
 Anguish                  Hex/Necr       0%         N/A       92%         4
 Passage of Golubria      Tloc           0%         N/A       98%         4
 Metabolic Englaciation   Hex/Ice        1%         N/A       98%         5
 Alistair's Intoxication  Alch           0%         N/A       100%        5
 Borgnjor's Vile Clutch   Necr/Erth      0%         N/A       100%        5
 Silence                  Hex/Air        0%         N/A       100%        5
 Eringya's Noxious Bog    Alch           0%         4d6       100%        6
 Plasma Beam              Fire/Air       0%         2x1d10    100%        6
 Starburst                Conj/Fire      0%         6d3       100%        6
 Lehudib's Crystal Spear  Conj/Erth      0%         10d2      100%        8


Dungeon Overview and Level Annotations

Branches:
Dungeon (8/15)             Temple (0/1) D:7          Bailey (visited)
   Lair: D:8-11

Altars:
Ashenzari
Elyvilon
Kikubaaqudgha
Wu Jian
Xom
The Shining One

Shops:
D:4 :   D:7 :

Annotations:
D:4 2 transporters
D:8 Amaemon


Innate Abilities, Weirdness & Mutations

You are a hulking beast.
Your limbs bulge with bestial killing power. (Slay +4)
You are too large for most types of armour.
You have claws for hands.
Your natural rate of healing is unusually fast.
You are covered in fur. (AC +1)
You have tough skin. (AC +1)
You have a pair of horns on your head.
Your body sometimes deteriorates upon taking damage.
Your spells are a little easier to cast, but a little less powerful.


Message History

Amaemon is moderately wounded.
You feel sick.
Amaemon hits you with a +1 demon whip of venom!
Amaemon claws you! Amaemon tail-slaps you. You block the orange demon's attack.
Amaemon barely misses you. Amaemon claws you. Amaemon closely misses you.
The orange demon closely misses you.
You closely miss Amaemon. You headbutt Amaemon!!
Amaemon is heavily wounded.
You feel sick.
You are no longer poisoned.
You block Amaemon's attack. Amaemon barely misses you. Amaemon tail-slaps you.
The orange demon closely misses you.
You closely miss Amaemon.
Amaemon is heavily wounded.
Amaemon closely misses you. Amaemon claws you but does no damage.
Amaemon tail-slaps you. You block the orange demon's attack.
Amaemon hits you with a +1 demon whip of venom!
Amaemon misses you. x2; The orange demon misses you.
You closely miss Amaemon.
Amaemon is heavily wounded.
Amaemon closely misses you. Amaemon misses you. Amaemon tail-slaps you.
The orange demon stings you from afar.
Amaemon hits you with a +1 demon whip of venom!
Amaemon misses you. Amaemon closely misses you.
The orange demon stings you from afar!
* * * LOW HITPOINT WARNING * * *
You are poisoned.
You have difficulty breathing.
* * * LOW HITPOINT WARNING * * *
You feel yourself slow down.
You sock Amaemon! Your headbutt misses Amaemon.
Amaemon is severely wounded.
* * * LOW HITPOINT WARNING * * *
You feel extremely sick. Amaemon misses you. Amaemon barely misses you.
You block Amaemon's attack. The orange demon barely misses you.
Amaemon hits you with a +1 demon whip of venom.
* * * LOW HITPOINT WARNING * * *
Amaemon claws you!
You die...

........?# ..........#
..........####
.............###
..........#.....
..............###
................##
..........##.....#####
#####..#h64.........#
#..##..........#.#
###.###.$......#.#
##...###........#.####.
#...).##........#......
#.....##.......<.......
#
#..)..##...........####
#.....##........##.#
#......#........# ...
##


You could see Amaemon and an orange demon (curare).

Vanquished Creatures
  Jeremiah (D:7)
  An unseen horror skeleton (D:7)
  Eustachio (D:3)
  Menkaure (D:3)
  3 water moccasins
  6 orc warriors
  3 ice beasts
  2 hornet zombies (D:7)
  3 black bears (D:5)
  3 ogres
  The ghost of NotBatman the Ducker, an amateur MfHu of the Shining One (D:3)
  2 centaurs
  8 kobold brigands
  4 bullfrogs
  5 scorpions
  A wyvern zombie (D:7)
  4 wights (D:7)
  A wyvern skeleton (D:7)
  A human zombie (D:7)
  A bombardier beetle (D:5)
  2 jellies (D:5)
  2 gnoll boudas
  2 orc priests
  Crazy Yiuf (D:2)
  3 hounds
  Terence (D:3)
  5 iguanas
  An orc wizard (D:7)
  2 killer bee zombies (D:7)
  3 gnolls
  11 adders
  An ufetubus (D:5)
  3 dart slugs
  A ribbon worm (D:3)
  24 orcs
  7 ball pythons
  5 endoplasms
  2 giant cockroaches (D:1)
  6 hobgoblins
  6 quokkas
  5 bats
  3 frilled lizards
  7 goblins
  28 kobolds
  5 rats
188 creatures vanquished.

Notes
Turn   | Place    | Note
-------+----------+-------------------------------------------
     0 | D:1      | dialectric the Troll Shapeshifter began the quest for the
                  | Orb.
     0 | D:1      | Reached XP level 1. HP: 18/18 MP: 0/0
    74 | D:1      | Found a faded altar of an unknown god.
   134 | D:1      | Reached skill level 1 in Fighting
   266 | D:1      | Reached XP level 2. HP: 27/27 MP: 1/1
   764 | D:2      | Reached XP level 3. HP: 31/35 MP: 2/2
   962 | D:2      | Found a runed translucent door.
   963 | D:2      | Noticed Crazy Yiuf
  1146 | D:2      | Killed Crazy Yiuf
  1147 | D:2      | Reached XP level 4. HP: 30/42 MP: 3/3
  1331 | D:3      | Found a shimmering altar of Xom.
  1582 | D:3      | Noticed Terence
  1590 | D:3      | Killed Terence
  1614 | D:3      | Found a runed translucent gate.
  1615 | D:3      | Found a runed translucent gate.
  1616 | D:3      | Found a runed translucent gate.
  1637 | D:3      | Noticed NotBatman's ghost (amateur MfHu)
  1650 | D:3      | Gained mutation: You have a pair of small horns on your
                  | head. [potion of mutation]
  1650 | D:3      | Gained mutation: You have a pair of horns on your head.
                  | [potion of mutation]
  1650 | D:3      | Gained mutation: You have hidden genetic defects. [potion
                  | of mutation]
  1908 | D:3      | Reached XP level 5. HP: 52/52 MP: 4/4
  2070 | D:4      | Noticed Menkaure
  2077 | D:3      | Killed Menkaure
  2078 | D:3      | Reached skill level 4 in Shapeshifting
  2100 | D:3      | Gained mutation: Your body sometimes deteriorates upon
                  | taking damage. [hidden defects]
  2139 | D:4      | Reached XP level 6. HP: 55/61 MP: 5/5
  2188 | D:5      | Entered Level 5 of the Dungeon
  2198 | D:5      | Gained mutation: Your spells are a little easier to cast,
                  | but a little less powerful. [hidden defects]
  2198 | D:5      | Lost mutation: You have hidden genetic defects. [hidden
                  | defects expressed]
  2350 | D:4      | Noticed Eustachio
  2430 | D:3      | Killed Eustachio
  2431 | D:3      | Reached XP level 7. HP: 48/70 MP: 6/6
  2470 | D:4      | Identified the ring "Ycuxes" {^Drain rPois EV+5 Slay+3}
  2513 | D:4      | Found a transporter.
  2513 | D:4      | Found a white marble altar of Elyvilon.
  2530 | D:4      | Found a transporter.
  2715 | D:4      | Reached skill level 1 in Armour
  3021 | D:4      | Found an ornate altar of the Wu Jian Council.
  3021 | D:4      | Found a glowing golden altar of the Shining One.
  3049 | D:4      | Found Lydotoma's Tremendous Tomes.
  3473 | D:5      | Reached skill level 5 in Shapeshifting
  3543 | D:5      | Reached skill level 5 in Fighting
  3543 | D:5      | Reached XP level 8. HP: 62/80 MP: 7/7
  3636 | D:5      | Learned a level 2 spell: Ensorcelled Hibernation
  3983 | D:6      | Found a broken altar of Ashenzari.
  4122 | D:6      | Reached skill level 6 in Shapeshifting
  4190 | D:6      | Reached skill level 1 in Ice Magic
  4401 | D:6      | Reached XP level 9. HP: 81/89 MP: 9/9
  4432 | D:7      | Reached skill level 1 in Hexes
  4449 | D:7      | Reached skill level 1 in Spellcasting
  4455 | D:7      | Found a staircase to the Ecumenical Temple.
  4531 | D:7      | Found a flagged portal.
  4580 | D:7      | Reached skill level 5 in Unarmed Combat
  4640 | Bailey   | Entered a bailey
  4702 | Bailey   | Identified the ring "Mauq" {rPois rC+ Int+5 SInv}
  4759 | Bailey   | Reached skill level 1 in Maces & Flails
  4786 | Bailey   | Found an iron altar of Okawaru.
  5041 | D:7      | Noticed a boulder beetle
  5114 | D:7      | Reached skill level 5 in Dodging
  5141 | D:7      | Reached XP level 10. HP: 83/100 MP: 11/11
  5171 | D:7      | Found an ancient bone altar of Kikubaaqudgha.
  5263 | D:7      | Noticed Jeremiah
  5353 | D:8      | Noticed Amaemon
  5354 | D:8      | Noticed an orange demon
  5432 | D:7      | Killed Jeremiah
  5433 | D:7      | Reached skill level 7 in Shapeshifting
  5499 | D:7      | Found Yphash's Self-Improvement Boutique.
  5865 | D:3      | Killed NotBatman's ghost
  6138 | D:8      | HP: 5/100 [poisoned by orange demon (concentrated venom)]
  6138 | D:8      | HP: 1/100 [Amaemon/+1 demon whip of venom (4)]
  6138 | D:8      | Mangled by Amaemon

Illustrated notes

Levels and vault maps discovered:
D:1:      lemuel_arrival_funnel, layout_loops_ring,
          dreamdust_ecumenical_altar_angels_and_demons, grunt_decor_fettered,
          nrook_uturn, minmay_misc_feat_secret_circle
D:2:      layout_rooms, nicolae_kite_square_tiling_tiny,
          hangedman_decor_clover_reticule, uniq_crazy_yiuf_cottage
D:3:      layout_basic, mainiacjoe_overflow_six_doors_small,
          gammafunk_ghost_split, serial_bayou_ford_a, uniq_terence
D:4:      minmay_wonky_spiral, layout_cave_pools,
          nicolae_overflow_two_pavilions, elyvilon_altar_4, st_stairs_6,
          nicolae_shop_i_like_big_books, uniq_eustachio, uniq_menkaure
D:5:      layout_cave_pools, minmay_joined_circles
D:6:      layout_cave_pools, overflow_temple_1_default,
          chequers_serial_rivers_small_3
D:7:      layout_cave_pools, lemuel_mausoleum_altar_kikubaaqudgha,
          minmay_temple_entry_antechambers, enter_bailey_5,
          small_statue_alley_b, nicolae_shop_self_help, uniq_jeremiah
D:8:      layout_rooms, uniq_amaemon

Skill      XL: |  1  2  3  4  5  6  7  8  9 10 |
---------------+-------------------------------+-----
Fighting       | 1 2 3 4 5 6 |  6.6
Dodging        | 2 3 4 5 |  5.2
Shapeshifting  | 4 5 6 7 |  7.0
Armour         | 1 2 |  2.1
Unarmed Combat | 4 5 |  5.8
Ice Magic      | 1 2 |  2.6
Hexes          | 2 |  2.3
Spellcasting   | 1 2 |  2.1
Maces & Flails | 1 2 |  2.5

Action                     |  1- 3 |  4- 6 |  7- 9 | 10-12 || total
---------------------------+-------+-------+-------+-------++-------
  Melee: Unarmed           |    38 |       |       |       ||    38
         Dagger            |    23 |   138 |   154 |       ||   315
         Headbutt          |       |    15 |    51 |    19 ||    85
         Giant spiked club |       |       |   129 |    90 ||   219
  Throw: Javelin           |       |       |     2 |       ||     2
    Use: Scroll            |       |     2 |     6 |     3 ||    11
         Potion            |       |     1 |     1 |       ||     2
   Stab: Sleeping          |     1 |       |     1 |       ||     2
 Armour: Animal skin       |    37 |   104 |    76 |       ||   217
         Skin              |       |       |    13 |       ||    13
         Robe              |       |       |   134 |   117 ||   251
  Dodge: Dodged            |    26 |    73 |   204 |   123 ||   426
  Block: Other             |       |       |    48 |    42 ||    90
         Reflection        |       |       |     8 |     2 ||    10

Table legend: (Time is in decaauts)
 A = Elapsed time spent in this place.
 B = Non-inter-level travel time spent in this place.
 C = Inter-level travel time spent in this place.
 D = Time resting spent in this place.
 E = Time spent auto-exploring this place.
 F = Levels seen in this place.
 G = Mean time per level.
                   A        B        C        D        E       F      G
               +--------+--------+--------+--------+--------+-----+--------+
         Total |   6313 |   5993 |    320 |    599 |   3485 |   9 |  701.4 |
       Dungeon |   5916 |   5596 |    320 |    532 |   3410 |   8 |  739.5 |
        Bailey |    397 |    397 |      0 |     67 |     75 |   1 |  397.0 |
               +--------+--------+--------+--------+--------+-----+--------+

Top non-repeatable levels by time:
     D:3: 1082 daAuts
     D:7: 961 daAuts
     D:4: 898 daAuts
     D:5: 820 daAuts
     D:1: 718 daAuts
     D:6: 667 daAuts
     D:2: 567 daAuts
  Bailey: 397 daAuts
     D:8: 198 daAuts
